 Dungeon Crawl Stone Soup version 0.17.0-28-g6e173f8 (webtiles) character file.

259 gorblad the Skirmisher (level 5, -1/42 HPs)
             Began as a Demonspawn Fighter on Nov 25, 2015.
             Succumbed to a goblin's poison
             ... on level 2 of the Dungeon.
             The game lasted 00:06:06 (2305 turns).

gorblad the Skirmisher (Demonspawn Fighter)         Turns: 2305, Time: 00:06:06

Health: -1/42      AC:  9    Str: 17    XL:     5   Next: 94%
Magic:  5/5        EV:  5    Int: 10    God:
Gold:   137        SH:  9    Dex: 12    Spells: 0 memorised, 4 levels left

rFire  . . .     SeeInvis .     a - +0 long sword
rCold  . . .     Clarity  .     l - +0 chain mail
rNeg   . . .     SustAt   .     c - +0 shield
rPois  .         Gourm    .     (no helmet)
rElec  .         Spirit   .     (no cloak)
rCorr  .         Warding  .     (no gloves)
rMut   .         Stasis   .     (no boots)
MR     .....                    (no amulet)
Stlth  ..........               (no ring)
                                q - ring of wizardry

@: lethally poisoned (-1 -> -28), flying, not resistant to hostile enchantments,
extremely unstealthy
A: talons 1, rot immunity
a: no special abilities


You were on level 2 of the Dungeon.
You were not hungry.

You visited 1 branch of the dungeon, and saw 2 of its levels.

You collected 137 gold pieces.

Inventory:

Hand Weapons
 a - a +0 long sword (weapon)
 d - a +0 scythe
Armour
 b - a +0 scale mail
 c - a +0 shield (worn)
 h - a +1 ring mail of fire resistance
 l - a +0 chain mail (worn)
Jewellery
 q - a ring of wizardry (left hand)
Scrolls
 g - a scroll of identify
 n - a scroll of magic mapping {unknown}
 o - a scroll of blinking {unknown}
 p - a scroll of random uselessness {unknown}
Potions
 k - 2 potions of brilliance
 m - a potion of might
Comestibles
 e - 2 bread rations
 f - 3 chunks of flesh
 i - a beef jerky


   Skills:
 + Level 4.0 Fighting
 + Level 2.5 Long Blades
 + Level 3.9 Armour
 + Level 1.5 Dodging
 + Level 0.4 Stealth
 + Level 3.8 Shields


You had 4 spell levels left.
You didn't know any spells.

Dungeon Overview and Level Annotations

Branches:
Dungeon (2/15)

Altars:

Annotations:
D:2 Robin


Innate Abilities, Weirdness & Mutations

You have sharp toenails.
You are immune to rotting.


Message History

The hobgoblin hits you but does no damage.
You block the goblin's attack.
The hobgoblin hits you but does no damage.
The goblin hits you but does no damage. x2
The goblin hits you with a dagger of venom.
* * * LOW HITPOINT WARNING * * *
You are more poisoned.
You barely miss the goblin.
The goblin is moderately wounded.
* * * LOW HITPOINT WARNING * * *
You feel very sick. The hobgoblin hits you.
* * * LOW HITPOINT WARNING * * *
You block the hobgoblin's attack. The goblin hits you but does no damage.
The goblin barely misses you. The goblin hits you but does no damage.
You are more poisoned.
The goblin completely misses you. You block the hobgoblin's attack.
You closely miss the goblin.
The goblin is moderately wounded.
You die...

≈≈#####..g.gg.#...#
≈≈...##########...#
≈≈...#............#
≈≈...#............#
≈≈..##'##.....##'##
≈≈..#...#.....#...#
≈≈.)#...#.)...#.g.#
≈≈..#.(.#.....#ggg#
≈≈(.##'##(....##@##
≈≈(.(.).#.....#ggg#
≈≈≈.....#.....#...#
#≈≈≈≈≈≈≈#.....#≈≈≈#
##≈≈≈≈≈≈##'''##≈≈≈#
######≈≈≈≈...≈≈≈≈##
###≈≈...≈≈###
###...###
#########...##


You could see Robin, 2 hobgoblins and 4 goblins.

Vanquished Creatures
  Sigmund (D:2)
  Terence (D:2)
  An adder (D:2)
  A gnoll (D:1)
  An ooze (D:2)
  A worm (D:2)
  5 hobgoblins
  5 jackals (D:2)
  7 kobolds
  A quokka (D:2)
  7 bats
  4 giant cockroaches
  A giant gecko (D:2)
  A giant newt (D:2)
  11 goblins (D:2)
  6 rats (D:2)
54 creatures vanquished.

Notes
Turn   | Place    | Note
--------------------------------------------------------------
     0 | D:1      | gorblad the Demonspawn Fighter began the quest for the Orb.
     0 | D:1      | Reached XP level 1. HP: 18/18 MP: 1/1
   236 | D:1      | Gained mutation: You are immune to rotting. [demonic ancestry]
   236 | D:1      | Reached XP level 2. HP: 12/24 MP: 2/2
  1144 | D:2      | Noticed Terence
  1155 | D:2      | Killed Terence
  1155 | D:2      | Reached skill level 1 in Dodging
  1155 | D:2      | Reached XP level 3. HP: 15/29 MP: 3/3
  1430 | D:2      | Gained mutation: You have sharp toenails. [demonic ancestry]
  1430 | D:2      | Reached XP level 4. HP: 32/35 MP: 4/4
  1528 | D:2      | Noticed Sigmund
  1560 | D:2      | Killed Sigmund
  1560 | D:2      | Reached XP level 5. HP: 9/42 MP: 5/5
  2267 | D:2      | Noticed Robin
  2295 | D:2      | Reached skill level 4 in Fighting
  2304 | D:2      | HP: 2/42 [hobgoblin[Robin] (1)]
  2305 | D:2      | Succumbed to a goblin's poison

Action                   |  1- 3 |  4- 6 || total
-------------------------+-------+-------++-------
Melee: Long sword        |   116 |   123 ||   239
  Use: Scroll            |     3 |       ||     3
       Potion            |       |     4 ||     4
  Eat: Chunk             |     2 |     3 ||     5
